Map: Moonlight Madness LE (Void)

Players

wabbajack - Winner!

  • Race: Terran Terran
  • League: Grandmaster

VOD

Have the link to the VOD?

Description

Time

  • Played on: July 15, 2015, 11:28 a.m.
  • Length: 5:15
Show
View Real Time Build Order
Export as new Build Order

wabbajack Terran - Winner!

Build Orders: Hellion Opening 

Get SALT Encoding   

  12  0:02  SCV  
  12  0:14  SCV  
  12  0:19  Supply Depot  
  12  0:26  SCV  
  12  0:30  Refinery  
  12  0:43  Barracks  
  12  0:46  SCV  
  12  0:58  SCV  
  12  1:10  SCV  
  12  1:22  SCV  
  12  1:34  Factory  
  12  1:35  Marine  
  12  1:38  Orbital Command  
  12  1:46  Supply Depot  
  12  1:52  Marine  
  12  2:15  Command Center  
  12  2:21  Widow Mine  
  12  2:24  Barracks Reactor  
  12  2:28  SCV  
  12  2:34  Supply Depot  
  12  2:48  SCV  
  12  3:00  SCV  
  12  3:12  Hellion x2  
  12  3:21  Command Center  
  12  3:28  SCV  
  12  3:29  Refinery  
  12  3:32  Orbital Command  
  12  3:35  Hellion x2  
  12  3:45  Barracks Tech Lab, Factory  
  12  3:51  SCV  
  12  3:59  Hellion  
  12  4:00  Hellion  
  12  4:03  SCV  
  12  4:05  Marine  
  12  4:15  SCV  
  12  4:17  SCV  
  12  4:23  Starport  
  12  4:29  SCV  
  12  4:36  Orbital Command  
  12  4:49  Hellion x2  
  12  4:58  Barracks Reactor  
Tags
 
Add a new tag
Caveats
  • Supply blocks, unpowered buildings, or Contaminate may cause inaccurate times.
  • Supply counts are checked every 10 seconds.